 Dungeon Crawl Stone Soup version 0.30-a0-696-g2367cd04db (webtiles) character file.

Game seed: 14805542135185545148

1159 omnomnOMINOUS the Trooper (level 8, -1/54 HPs)
             Began as an Octopode Wanderer on Jan 20, 2023.
             Was a Follower of the Shining One.
             Slain by a centaur (5 damage)
             ... on level 6 of the Dungeon.
             The game lasted 00:13:48 (5574 turns).

omnomnOMINOUS the Trooper (Octopode Wanderer)       Turns: 5574, Time: 00:13:48

Health: -1/54      AC:  1    Str: 10    XL:     8   Next: 39%
Magic:  11/11      EV: 14    Int: 20    God:    the Shining One [*.....]
Gold:   212        SH:  0    Dex: 10    Spells: 11/11 levels left

rFire   . . .      SeeInvis .    a - +6 spear of Articulation {venom, Fragile Str-5 Int+6 Stlth+}
rCold   . . .      Faith    .    (no shield)
rNeg    . . .      Spirit   .    o - +0 hat
rPois   .          Reflect  .    (no amulet)
rElec   .          Harm     .    g - ring of wizardry
rCorr   .          Rampage  .    (no ring)
Will    .....                    (no ring)
Stlth   ++                       (no ring)
HPRegen 0.29/turn                (no ring)
MPRegen 0.12/turn                (no ring)
                                 (no ring)
                                 (no ring)

@: attractive, glowing
A: almost no armour, amphibious, 8 rings, camouflage 1, gelatinous body 1,
(nimble swimmer 1), tentacles
a: Renounce Religion, Divine Shield


You were on level 6 of the Dungeon.
You worshipped the Shining One.
The Shining One was aware of your devotion.
You visited 2 branches of the dungeon, and saw 7 of its levels.

You collected 212 gold pieces.

Inventory:

Hand Weapons
 a - the +6 spear of Articulation (weapon) {venom, Fragile Str-5 Int+6 Stlth+}
   (You found it on level 4 of the Dungeon)

   Str:       It affects your strength (-5).
   Int:       It affects your intelligence (+6).
   Fragile:   It will be destroyed if unequipped.
   Stlth:     It makes you more stealthy.
Missiles
 s - 12 poisoned darts
Armour
 o - a +0 hat (worn)
Magical Staves
 b - a staff of conjuration
Jewellery
 g - a ring of wizardry (left tentacle)
Scrolls
 c - 2 scrolls of silence
 h - 3 scrolls of amnesia {unknown}
 i - 5 scrolls of identify {unknown}
 j - 3 scrolls of fog {unknown}
 k - a scroll of enchant weapon {unknown}
 q - a scroll of poison {unknown}
 t - 2 scrolls of blinking {unknown}
 v - 2 scrolls of vulnerability {unknown}
 x - a scroll of teleportation {unknown}
 y - a scroll of brand weapon {unknown}
 z - a scroll of enchant armour {unknown}
 A - a scroll of noise {unknown}
Potions
 e - a potion of might {unknown}
 f - 2 potions of brilliance
 l - a potion of attraction
 m - a potion of invisibility
 n - 2 potions of curing {unknown}
 p - a potion of degeneration {unknown}
 r - 3 potions of berserk rage {unknown}
 u - 4 potions of heal wounds {unknown}
 w - a potion of magic {unknown}
Miscellaneous
 d - a piece from Xom's chessboard (14/15) (quivered)


   Skills:
 + Level 4.5 Fighting
 - Level 2.1 Short Blades
 + Level 3.6 Polearms
 - Level 1.0 Throwing
 + Level 4.4 Dodging
 - Level 3.2 Stealth
 - Level 4.0 Unarmed Combat
 - Level 2.0 Spellcasting
 + Level 4.3 Invocations
 - Level 4.3 Evocations


You had 11 spell levels left.
You didn't know any spells.
Your spell library contained the following spells:

 Spells                   Type           Power      Damage    Failure   Level
 Dazzling Flash           Conj/Hex       4%         N/A       19%         3
 Iskenderun's Mystic Bla  Conj/Tloc      2%         2d3       50%         4
 Starburst                Conj/Fire      1%         6d3       100%        6


Dungeon Overview and Level Annotations

Branches:
Dungeon (6/15)             Temple (1/1) D:6

Altars:
Ashenzari
Cheibriados
Dithmenos
Elyvilon
Fedhas
Gozag
Hepliaklqana
Kikubaaqudgha
Nemelex Xobeh
Okawaru
Ru
Sif Muna
Trog
Wu Jian
Xom
Yredelemnul
Zin
The Shining One


Innate Abilities, Weirdness & Mutations

You cannot wear most types of armour.
You are amphibious.
You can wear up to eight rings at the same time.
Your skin changes colour to match your surroundings (Stealth+).
Your rubbery body absorbs attacks. (AC +1, EV +1)
((You are camouflaged when in or above water. (Stealth+)))
You have tentacles for arms and can constrict up to eight enemies at once.


Message History

The centaur is moderately wounded.
The centaur barely misses you. x2; The centaur hits you.
The centaur misses you.
You hit the centaur.
The centaur looks as sick as possible!
The centaur is heavily wounded.
The centaur hits you! The centaur kicks you.
You hit the centaur.
The centaur is almost dead.
You kill the centaur!
No target in view!
No target in view!
Found 14 gold pieces.
The hound barks!
You hear a shout!
A centaur comes into view.
There is a stone staircase leading down here.
You barely miss the hound. You grab the hound. You squeeze the hound.
The hound is moderately wounded.
You constrict the hound. The hound bites you.
The centaur wields a +0 shortbow.
The centaur shoots an arrow.
The arrow hits you!
You puncture the hound!
You kill the hound!
The centaur shoots an arrow.
The arrow hits you!
The centaur shoots an arrow.
The arrow hits you.
* * * LOW HITPOINT WARNING * * *
You make a move on Xom's chessboard...
The centaur twists and deforms.
Reach: a) +6 spear of Articulation {venom, Fragile Str-5 Int+6 Stlth+}
Press: ? - help, Dir - move target, f - centaur
Aim: a centaur, wielding a +0 shortbow (misshapen and mutated, about 23% to evade the +6 spear of Articulation)
You reach to attack!
You puncture the centaur!
The centaur is poisoned.
The centaur is heavily wounded.
The centaur shoots an arrow.
The arrow closely misses you.
The centaur shoots an arrow.
The arrow hits you!
* * * LOW HITPOINT WARNING * * *
Unknown command.
The centaur unwields a +0 shortbow.
The centaur hits you.
* * * LOW HITPOINT WARNING * * *
The centaur kicks you but does no damage.
It was a potion of attraction.
You feel attractive to monsters. The centaur hits you.
You die...

#.## ##.#..<#
##..###..##.##
#........##.# .##..#
#)....###
.###.###..#....#
..........#....# #######
.###.####.##...##..$...#
..............>†.....###
.#.......###....@....$.#
.###..##.# ##..##c#...##
.....†...# #.... .......
.###..#### #...####J# #
.# #..... .....# .# .#
.....####.#.# # .#
.....# #.#.. .##.....#
#.#. ###.....#


You could see a centaur (very poisoned, misshapen) and a jelly.

Vanquished Creatures
  2 ice beasts (D:5)
  A centaur (D:6)
  An ogre (D:5)
  A phantom (D:5)
  3 scorpions
  2 howler monkeys
  3 hounds
  A gnoll bouda (D:4)
  3 iguanas (D:4)
  An orc wizard (D:5)
  A mummy (D:3)
  8 gnolls
  10 adders
  4 worms
  4 dart slugs
  4 orcs
  9 endoplasms
  A giant cockroach (D:1)
  3 goblins
  6 hobgoblins
  A jackal (D:4)
  2 quokkas
  5 ball pythons
  6 bats
  7 frilled lizards
  7 kobolds
  3 rats
99 creatures vanquished.

Vanquished Creatures (others)
  An orc priest (D:5)
  An orc (D:5)
2 creatures vanquished.

Grand Total: 101 creatures vanquished

Notes
Turn   | Place    | Note
-------+----------+-------------------------------------------
     0 | D:1      | omnomnOMINOUS the Octopode Wanderer began the quest for the
                  | Orb.
     0 | D:1      | omnomnOMINOUS set off with the following items: a +0 club,
                  | a potion of invisibility, a scroll of silence, a piece from
                  | Xom's chessboard (15/15), a potion of lignification, a
                  | potion of brilliance.
     0 | D:1      | Reached XP level 1. HP: 11/11 MP: 1/1
   213 | D:1      | Reached XP level 2. HP: 6/18 MP: 2/2
   290 | D:1      | Reached skill level 1 in Stealth
   784 | D:2      | Reached skill level 1 in Fighting
   784 | D:2      | Reached skill level 1 in Dodging
   784 | D:2      | Reached XP level 3. HP: 14/23 MP: 4/4
   833 | D:2      | Reached skill level 1 in Short Blades
   833 | D:2      | Reached skill level 1 in Spellcasting
  1148 | D:2      | You fall into a shaft and drop 1 floor!
  1258 | D:1      | Reached XP level 4. HP: 10/28 MP: 5/5
  1474 | D:2      | Found a shimmering blue altar of Sif Muna.
  1683 | D:2      | Found a faded altar of an unknown god.
  1695 | D:2      | Prayed at the altar of an unknown god.
  1695 | D:2      | Became a worshipper of Elyvilon the Healer
  1695 | D:2      | Reached * piety under Elyvilon
  1791 | D:2      | Reached XP level 5. HP: 34/34 MP: 7/7
  2555 | D:3      | Found a snail-covered altar of Cheibriados.
  2685 | D:4      | Reached ** piety under Elyvilon
  2782 | D:4      | Reached XP level 6. HP: 39/39 MP: 9/9
  3036 | D:4      | Reached skill level 1 in Polearms
  3215 | D:4      | Found a glowing silver altar of Zin.
  3492 | D:4      | Reached XP level 7. HP: 18/46 MP: 10/10
  3745 | D:4      | Identified the +6 spear of Articulation {venom, Fragile
                  | Str-5 Int+6 Stlth+}
  3892 | D:4      | Found a shadowy altar of Dithmenos.
  4012 | D:5      | Entered Level 5 of the Dungeon
  4237 | D:5      | Found a white marble altar of Elyvilon.
  4526 | D:5      | Reached XP level 8. HP: 22/54 MP: 11/11
  4644 | D:5      | Reached *** piety under Elyvilon
  5407 | D:6      | Found a staircase to the Ecumenical Temple.
  5418 | Temple   | Entered the Ecumenical Temple
  5507 | Temple   | Fell from the grace of Elyvilon
  5507 | Temple   | Became a worshipper of the Shining One
  5507 | Temple   | Reached * piety under the Shining One
  5574 | D:6      | Slain by a centaur

Illustrated notes

Levels and vault maps discovered:
D:1:      giann_forest_graveyard, layout_basic
D:2:      layout_loops_ring, basic_altar, chequers_ecumenical_altar_island
D:3:      layout_loops_ring, slow_altar_2
D:4:      layout_cave_pools, nicolae_dithmenos_through_a_glass_darkly,
          mainiacjoe_overflow_paths, minmay_starry_boxes
D:5:      layout_basic, nicolae_overflow_crystal_walls, lemuel_flamethrower_1
D:6:      layout_basic, minmay_temple_entry_junction, serial_shops,
          nicolae_shop_advertising_works [nicolae_subvault_shop_adworks],
          ebering_ghost_rock_garden, minmay_guarded_unrand_staff_of_olgreb
Temple:   zaba_magenta_temple

Skill      XL: |  1  2  3  4  5  6  7  8 |
---------------+-------------------------+-----
Stealth        | 1 2 3 |  3.2
Fighting       | 1 2 3 4 |  4.5
Dodging        | 1 2 3 4 |  4.4
Short Blades   | 1 2 |  2.1
Spellcasting   | 1 2 |  2.0
Polearms       | 1 3 |  3.6
Invocations    | 2 3 4 |  4.3
Throwing       | |  1.0
Unarmed Combat | |  4.0
Evocations     | |  4.3

Action                   |  1- 3 |  4- 6 |  7- 9 || total
-------------------------+-------+-------+-------++-------
Melee: Dagger            |    61 |    87 |       ||   148
       Constrict         |    14 |    21 |     8 ||    43
       Unarmed           |     2 |       |       ||     2
       Tentacles         |    11 |    29 |    11 ||    51
       Punch             |     1 |     2 |     4 ||     7
       Whip              |       |    27 |    11 ||    38
       Spear             |       |       |    73 ||    73
Evoke: Piece from Xom's  |     1 |       |     1 ||     2
  Use: Potion            |       |     1 |     1 ||     2
 Stab: Sleeping          |     5 |     4 |     6 ||    15
       Distracted        |       |       |     1 ||     1
Armor: Skin              |    10 |     8 |     2 ||    20
Dodge: Dodged            |    26 |    58 |    31 ||   115

Table legend: (Time is in decaauts)
 A = Elapsed time spent in this place.
 B = Non-inter-level travel time spent in this place.
 C = Inter-level travel time spent in this place.
 D = Time resting spent in this place.
 E = Time spent auto-exploring this place.
 F = Levels seen in this place.
 G = Mean time per level.
                   A        B        C        D        E       F      G
               +--------+--------+--------+--------+--------+-----+--------+
         Total |   5564 |   5223 |    341 |   1151 |   3036 |   7 |  794.9 |
       Dungeon |   5458 |   5133 |    325 |   1151 |   2986 |   6 |  909.7 |
        Temple |    106 |     90 |     16 |      0 |     50 |   1 |  106.0 |
               +--------+--------+--------+--------+--------+-----+--------+

Top non-repeatable levels by time:
     D:5: 1372 daAuts
     D:4: 1118 daAuts
     D:2: 1038 daAuts
     D:3: 998 daAuts
     D:1: 848 daAuts
  Temple: 106 daAuts
     D:6: 81 daAuts
